 Dungeon Crawl Stone Soup version 0.27.0-1-g7a089689b8 (webtiles) character file.

Game seed: 7892558739112452643

142 sakkuzi the Chopper (level 5, -3/47 HPs)
             Began as a Minotaur Berserker on Aug 10, 2021.
             Was a Priest of Trog.
             Slain by a worm (8 damage)
             ... on level 3 of the Dungeon.
             The game lasted 00:07:26 (2627 turns).

sakkuzi the Chopper (Minotaur Berserker)            Turns: 2627, Time: 00:07:27

Health: -3/47      AC:  7    Str: 22    XL:     5   Next: 3%
Magic:  13/13      EV: 12    Int:  4    God:    Trog [***...]
Gold:   53         SH:  0    Dex: 10    Spells: 4/4 levels left

rFire    . . .     SeeInvis .   a - +0 hand axe
rCold    . . .     Faith    .   (no shield)
rNeg     . . .     Spirit   .   d - +0 leather armour
rPois    .         Reflect  .   (helmet restricted)
rElec    .         Harm     .   (no cloak)
rCorr    .         Rampage  .   (no gloves)
Will     ++...                  (no boots)
Stlth    +.........             (no amulet)
HPRegen  1.15/turn              l - ring of magical power
MPRegen  0.13/turn              n - +4 ring of protection

@: strong-willed, regenerating
A: horns 2, retaliatory headbutt
a: Renounce Religion, Berserk, Trog's Hand


You were on level 3 of the Dungeon.
You worshipped Trog.
Trog was most pleased with you.
You visited 1 branch of the dungeon, and saw 3 of its levels.

You collected 53 gold pieces.

Inventory:

Hand Weapons
 a - a +0 hand axe (weapon)
 e - a +1 dagger of draining
   (You took it off a kobold on level 1 of the Dungeon)
Missiles
 c - 17 bolts
Armour
 b - a +0 animal skin
 d - a +0 leather armour (worn)
   (You found it on level 1 of the Dungeon)
Jewellery
 l - a ring of magical power (left hand)
   (You took it off a goblin on level 3 of the Dungeon)
 n - a +4 ring of protection (right hand)
   (You found it on level 3 of the Dungeon)
Scrolls
 h - a scroll of amnesia {unknown}
 i - a scroll of identify {unknown}
 j - a scroll of teleportation {unknown}
Potions
 f - a potion of magic {unknown}
 g - a potion of lignification {unknown}
 k - a potion of invisibility {unknown}
 m - a potion of flight {unknown}


   Skills:
 + Level 4.6 Fighting
 + Level 4.7 Axes
 + Level 3.8 Armour
 + Level 3.4 Dodging


You had 4 spell levels left.
You didn't know any spells.
Your spell library was empty.

Dungeon Overview and Level Annotations

Branches:
Dungeon (3/15)

Altars:

Shops:
D:1 !


Innate Abilities, Weirdness & Mutations

You have a pair of horns on your head.
You reflexively headbutt those who attack you in melee.


Message History

The orc wizard casts a spell at you.
You are confused.
You're too confused to move!
The orc wizard mumbles some strange words.
The orc wizard flickers and vanishes!
Deactivating autopickup; reactivate with Ctrl-A.
The orc barely misses you. The orc hits you but does no damage.
Something hits you.
Autopickup is now on.
You feel less confused.
You hear some strange, mumbled words.
Deactivating autopickup; reactivate with Ctrl-A.
Something tries to affect you, but you resist.
The orc closely misses you.
You miss something. You barely miss the orc. Something hits you.
Something hits you. The orc hits you but does no damage.
You slash the worm! You miss something. You hit the orc but do no damage.
Something hits you. Something freezes you. The orc closely misses you.
The worm bites you but does no damage.
You hit the orc but do no damage. You miss something. You hit the worm.
You hear some strange, mumbled words.
A puff of flame appears from out of thin air!
The puff of flame misses you.
You hear some strange, mumbled words.
A magic dart appears from out of thin air!
The magic dart hits you!
You hit the orc.
You kill the orc!
Trog accepts your kill.
You barely miss the orc. You miss something. You hit the worm.
Something hits you but does no damage. The worm bites you!
* * * LOW HITPOINT WARNING * * *
The orc barely misses you. You furiously retaliate!
You headbutt the orc.
The floor.
Your skin crawls.
You feel strong-willed. Something hits you.
* * * LOW HITPOINT WARNING * * *
Something hits you but does no damage. Something freezes you.
* * * LOW HITPOINT WARNING * * *
The orc hits you with a +0 war axe!
* * * LOW HITPOINT WARNING * * *
The worm bites you!
You die...

#######
#............#
....... #.
#.#..####..###
######. .# #.#
##..# ..##.
#.####...# .....#
###.#.....##
.....###...#.###.#
###...#.##).# ..#
#...)..w...## ###
#.....o{@.#...#
#......o)...###
####.(.##..##
#...####>##
.....## #.# .....
#.# #### ..# ##


You could see a worm and 2 orcs.

Vanquished Creatures
  An orc priest (D:3)
  An orc wizard (D:3)
  An adder (D:2)
  A worm (D:2)
  A dart slug (D:1)
  6 orcs (D:3)
  11 endoplasms
  A giant cockroach (D:1)
  5 goblins
  5 hobgoblins
  4 jackals (D:1)
  2 quokkas
  5 ball pythons
  3 bats
  3 frilled lizards
  5 kobolds
  7 rats
62 creatures vanquished.

Notes
Turn   | Place    | Note
-------+----------+-------------------------------------------
     0 | D:1      | sakkuzi the Minotaur Berserker began the quest for the Orb.
     0 | D:1      | Reached XP level 1. HP: 19/19 MP: 0/0
   223 | D:1      | Reached XP level 2. HP: 27/27 MP: 1/1
   630 | D:1      | Reached ** piety under Trog
   709 | D:1      | Found a faded altar of an unknown god.
   836 | D:1      | Reached XP level 3. HP: 33/33 MP: 2/2
  1032 | D:1      | Found Tocweu's Distillery.
  2146 | D:3      | Reached XP level 4. HP: 38/40 MP: 3/3
  2568 | D:3      | Reached *** piety under Trog
  2572 | D:3      | Reached XP level 5. HP: 40/47 MP: 4/4
  2627 | D:3      | Slain by a worm

Illustrated notes

Levels and vault maps discovered:
D:1:      lightli_arrival_isolated_outpost, layout_basic, serial_shops,
          nicolae_shop_temple_entry_statues_fountains, serial_aquarium,
          aquarium_bridge_square [aquarium_subvault_wall,
          aquarium_subvault_bridge, aquarium_subvault_wall,
          aquarium_subvault_wall], aquarium_window_fake, aquarium_window_1,
          aquarium_view_2a, aquarium_pool_2, basic_ecumenical_altar,
          chequers_serial_rivers_small_a
D:2:      layout_rooms, serial_curves, eino_curves_03, eino_curves_02,
          hex_large, chequers_avenue, minmay_misc_feat_square
D:3:      layout_rooms

Skill      XL: |  1  2  3 |
---------------+----------+-----
Axes           | 4 |  4.7
Fighting       | 4 |  4.6
Armour         | 3 |  3.8
Dodging        | 3 |  3.4

Action                   |  1- 3 |  4- 6 || total
-------------------------+-------+-------++-------
Melee: Hand axe          |    86 |    35 ||   121
       Headbutt          |    13 |     3 ||    16
Invok: Trog's Hand       |       |     2 ||     2
  Use: Scroll            |     4 |       ||     4
Armor: Leather armour    |    22 |     9 ||    31
       Animal skin       |     1 |       ||     1
Dodge: Dodged            |    33 |    19 ||    52
